 Dungeon Crawl Stone Soup version 0.30-a0-218-gedb9141078 (webtiles) character file.

Game seed: 16576817876017870386

576 Snarg the Shooter (level 7, -9/40 HPs)
             Began as a Kobold Hexslinger on Oct 5, 2022.
             Was an Initiate of Gozag.
             Mangled by a black mamba skeleton (13 damage)
             ... on level 1 of the Abyss.
             The game lasted 00:27:50 (6604 turns).

Snarg the Shooter (Kobold Hexslinger)               Turns: 6604, Time: 00:27:51

Health: -9/40      AC:  7    Str:  7    XL:     7   Next: 62%
Magic:  8/8        EV: 15    Int: 14    God:    Gozag
Gold:   453        SH:  0    Dex: 18    Spells: 4/8 levels left

rFire   . . .      SeeInvis .    a - +2 dagger (elec)
rCold   . . .      Faith    .    (no shield)
rNeg    . . .      Spirit   .    c - +0 robe
rPois   +          Reflect  .    x - +2 hat
rElec   .          Harm     .    v - +0 cloak
rCorr   .          Rampage  .    k - +0 pair of gloves
Will    .....                    m - +0 pair of boots
Stlth   +++.......               (no amulet)
HPRegen 0.26/turn                A - ring of poison resistance
MPRegen 0.11/turn                (no ring)

@: no status effects
A: small, no large weapons, nightstalker 3
a: Renounce Religion, Potion Petition, Call Merchant, Bribe Branch


You were on level 1 of the Abyss.
You worshipped Gozag.
Gozag was aware of your devotion.
You visited 2 branches of the dungeon, and saw 7 of its levels.
You visited the Abyss 1 time.

You collected 497 gold pieces.
You paid 44 gold pieces to Gozag.

Inventory:

Hand Weapons
 a - a +2 dagger of electrocution (weapon)
 b - a +1 sling
Missiles
 p - 32 stones
 t - 6 boomerangs
 B - 11 poisoned darts
Armour
 c - a +0 robe (worn)
 h - a +1 ring mail of fire resistance
 k - a +0 pair of gloves (worn)
 m - a +0 pair of boots (worn)
 n - a +0 leather armour
 v - a +0 cloak (worn)
 x - a +2 hat (worn)
Magical Staves
 C - a staff of earth
Jewellery
 A - a ring of poison resistance (left hand)
Scrolls
 d - 2 scrolls of poison
 e - 3 scrolls of amnesia
 l - a scroll of butterflies {unknown}
 o - a scroll of blinking
 r - a scroll of acquirement {unknown}
 u - a scroll of teleportation
 y - a scroll of enchant weapon {unknown}
 F - a scroll of fear {unknown}
 G - a scroll of immolation {unknown}
Potions
 f - 3 potions of lignification
 g - 3 potions of curing
 j - a potion of brilliance {unknown}
 q - 2 potions of attraction {unknown}
 s - a potion of berserk rage {unknown}
 w - a potion of might {unknown}
 z - a potion of magic
 E - a potion of resistance {unknown}


   Skills:
 - Level 2.1 Fighting
 - Level 3.1 Short Blades
 - Level 6.0 Ranged Weapons
 + Level 0.6 Throwing
 + Level 3.2 Dodging
 * Level 3.0 Stealth
 - Level 1.1 Spellcasting
 + Level 4.9 Hexes
 - Level 2.0 Translocations


You had 4 spell levels left.
You knew the following spells:

 Your Spells              Type           Power      Damage    Failure   Level
a - Slow                  Hex            56%        N/A       3%          1
b - Portal Projectile     Hex/Tloc       20%        N/A       19%         3

Your spell library contained the following spells:

 Spells                   Type           Power      Damage    Failure   Level
 Inner Flame              Hex/Fire       7%         N/A       28%         3
 Cause Fear               Hex            7%         N/A       34%         4
 Cigotuvi's Dreadful Rot  Necr/Pois/Air  0%         N/A       36%         2
 Ozocubu's Armour         Ice            0%         N/A       61%         3
 Dispel Undead            Necr           0%         3d6       95%         4
 Metabolic Englaciation   Hex/Ice        3%         N/A       95%         5
 Death Channel            Necr           0%         N/A       100%        6
 Simulacrum               Ice/Necr       Unusable   N/A       N/A         6

Dungeon Overview and Level Annotations

Branches:
Dungeon (6/15)             Temple (1/1) D:4

Altars:
Cheibriados
Dithmenos
Elyvilon
Fedhas
Gozag
Hepliaklqana
Kikubaaqudgha
Makhleb
Nemelex Xobeh
Qazlal
Ru
Sif Muna
Trog
Uskayaw
Vehumet
Wu Jian
Xom
Zin
The Shining One

Shops:
D:2 [

Annotations:
D:1 clr
D:2 Crazy Yiuf, Sigmund
D:3 clr
D:4 Menkaure


Innate Abilities, Weirdness & Mutations

You are small and have problems with some larger weapons.
You are completely attuned to the shadows.


Message History

Anything else - Cancel.
Gang up on whom?
Press: ? - help, Dir - move target, f - rakshasa
Aim: a rakshasa, wielding a +0 trident and wearing a +0 robe Attack!
A small abomination comes into view.
The rakshasa gestures at you. The lance of force hits you!!
You are knocked back by the lance of force.
You slam into the rock wall!
* * * LOW HITPOINT WARNING * * *
Unknown command.
Unknown command.
The rakshasa hits you from afar with a +0 trident.
* * * LOW HITPOINT WARNING * * *
A great orb of eyes comes into view.
You feel much better.
Your large abomination closely misses the rakshasa.
The rakshasa hits you from afar with a +0 trident!
You are suddenly pulled into a different region of the Abyss!
A hellwing comes into view.
The revenant shouts!
The revenant attacks as you move away! The revenant hits you!!
The revenant conjures spectral mists around you.
The spectral mist engulfs you but does no damage.
You are engulfed in spectral mist.
* * * LOW HITPOINT WARNING * * *
The spectral alligator snapping turtle fades away!
A large abomination comes into view.
The revenant conjures spectral mists around you.
The spectral mist engulfs you but does no damage.
A black mamba skeleton comes into view.
You are engulfed in spectral mist.
* * * LOW HITPOINT WARNING * * *
You feel better. The black mamba skeleton bites you.
* * * LOW HITPOINT WARNING * * *
The large abomination completely misses you.
The black mamba skeleton bites you!
You die...
Your body crumbles into a pile of gold.

#.. ..Z°.#..
#...#Z.# ...
#......#....
##### Z○.°#
#.#Zz°####
#.○☼☼.....
####§#..##
#...#X....
....@Z.##.
#.#.##...
#.## ....
.##.


You could see a large abomination and a black mamba skeleton.

Vanquished Creatures
  An ogre (D:6)
  A scorpion (D:5)
  A jelly (D:4)
  4 hounds
  Ijyb (D:4)
  2 iguanas
  Robin (D:4)
  11 adders
  An ufetubus (D:5)
  3 worms
  A dart slug (D:5)
  4 orcs
  6 ball pythons
  3 bats
  5 endoplasms
  A giant cockroach (D:1)
  19 goblins
  6 hobgoblins
  4 jackals (D:1)
  A quokka (D:1)
  7 frilled lizards
  5 kobolds
  2 rats
90 creatures vanquished.

Notes
Turn   | Place    | Note
-------+----------+-------------------------------------------
     0 | D:1      | Snarg the Kobold Hexslinger began the quest for the Orb.
     0 | D:1      | Reached XP level 1. HP: 12/12 MP: 2/2
   306 | D:1      | Reached XP level 2. HP: 16/16 MP: 3/3
   352 | D:1      | Found a faded altar of an unknown god.
   626 | D:1      | Reached skill level 3 in Ranged Weapons
   665 | D:1      | Reached XP level 3. HP: 20/20 MP: 4/4
   681 | D:1      | Reached skill level 1 in Stealth
  1050 | D:2      | Noticed Sigmund
  1304 | D:2      | Found a runed translucent door.
  1307 | D:2      | Noticed Crazy Yiuf
  1361 | D:2      | Found Icroll's Armour Emporium.
  1451 | D:2      | Reached XP level 4. HP: 17/26 MP: 5/5
  1490 | D:2      | Learned a level 3 spell: Portal Projectile
  1608 | D:2      | Reached skill level 4 in Ranged Weapons
  2699 | D:4      | Reached XP level 5. HP: 30/30 MP: 3/6
  2748 | D:4      | Noticed Ijyb
  2751 | D:4      | Paralysed by Ijyb for 3 turns
  2762 | D:4      | Killed Ijyb
  2763 | D:4      | Reached skill level 1 in Short Blades
  2763 | D:4      | Reached skill level 1 in Translocations
  2776 | D:4      | Found a staircase to the Ecumenical Temple.
  2788 | Temple   | Entered the Ecumenical Temple
  3059 | Temple   | Became a worshipper of Gozag Ym Sagoz the Greedy
  3127 | D:4      | Noticed Robin
  3127 | D:4      | Noticed Menkaure
  3407 | D:4      | Reached XP level 6. HP: 35/35 MP: 7/7
  3935 | D:5      | Entered Level 5 of the Dungeon
  3966 | D:5      | Found a stormy altar of Qazlal.
  4138 | D:5      | Found a radiant altar of Vehumet.
  4168 | D:5      | Found a blossoming altar of Fedhas.
  4202 | D:5      | Noticed an ogre
  4342 | D:5      | Reached skill level 5 in Ranged Weapons
  4464 | D:5      | Reached XP level 7. HP: 40/40 MP: 5/8
  4905 | D:5      | You fall into a shaft and drop 1 floor!
  5350 | D:6      | Reached skill level 6 in Ranged Weapons
  5653 | D:4      | Killed Robin
  6440 | Abyss:1  | Cast into level 1 of the Abyss (Crazy Yiuf)
  6476 | Abyss:1  | Noticed a large abomination
  6487 | Abyss:1  | Noticed a tentacled starspawn
  6521 | Abyss:1  | Noticed a rakshasa
  6526 | Abyss:1  | Noticed a large abomination
  6544 | Abyss:1  | Noticed a great orb of eyes
  6552 | Abyss:1  | Noticed a hellwing
  6589 | Abyss:1  | Noticed a revenant
  6593 | Abyss:1  | Noticed a spectral storm dragon
  6593 | Abyss:1  | Noticed a spectral alligator snapping turtle
  6599 | Abyss:1  | Noticed a spectral bunyip
  6599 | Abyss:1  | Noticed a large abomination
  6604 | Abyss:1  | Mangled by a black mamba skeleton

Illustrated notes

Levels and vault maps discovered:
D:1:      dpeg_arrival_shelter, layout_loops_cross,
          ebering_ecumenical_altar_sacrificial, roderic_roman_lattice
D:2:      layout_loops_ring, serial_shops, nicolae_shop_window_shopping,
          uniq_sigmund, uniq_crazy_yiuf_cottage
D:3:      layout_basic, minmay_misc_feat_pillars, chequers_serial_rivers_micro_d
D:4:      layout_gridville, minmay_temple_entry_trees, uniq_pikel, uniq_ijyb,
          uniq_blork_the_orc, uniq_menkaure, uniq_robin
D:5:      layout_loops_ring, mainiacjoe_overflow_24_doors,
          mainiacjoe_overflow_two_lobes
D:6:      layout_basic, nicolae_yredelemnul_corpse_copse,
          nicolae_overflow_crystal_walls, kennysheep_boxes
Temple:   eino_temple_rhombus
Abyss:1:  base:
D:1

Skill      XL: |  1  2  3  4  5  6  7 |
---------------+----------------------+-----
Ranged Weapons | 3 4 5 6 |  6.0
Stealth        | 1 2 3 |  3.0
Short Blades   | 1 3 |  3.1
Translocations | 1 2 |  2.0
Fighting       | 2 |  2.1
Hexes          | 4 |  4.9
Dodging        | 3 |  3.2
Throwing       | |  0.6
Spellcasting   | |  1.1

Action                   |  1- 3 |  4- 6 |  7- 9 || total
-------------------------+-------+-------+-------++-------
Melee: Dagger            |    22 |    98 |    59 ||   179
       Punch             |       |       |     4 ||     4
 Fire: Sling             |    96 |    50 |    17 ||   163
Throw: Dart              |       |     6 |     3 ||     9
       Throwing net      |       |     1 |       ||     1
 Cast: Slow              |    11 |    42 |    16 ||    69
  Use: Scroll            |       |    10 |     3 ||    13
       Potion            |       |       |     3 ||     3
 Stab: Sleeping          |     2 |    11 |     3 ||    16
       Distracted        |     1 |       |       ||     1
       Held in net/web   |       |     2 |       ||     2
Armor: Robe              |    12 |    27 |    21 ||    60
Dodge: Dodged            |    64 |    84 |    50 ||   198

Table legend: (Time is in decaauts)
 A = Elapsed time spent in this place.
 B = Non-inter-level travel time spent in this place.
 C = Inter-level travel time spent in this place.
 D = Time resting spent in this place.
 E = Time spent auto-exploring this place.
 F = Levels seen in this place.
 G = Mean time per level.
                   A        B        C        D        E       F      G
               +--------+--------+--------+--------+--------+-----+--------+
         Total |   6612 |   5912 |    700 |    325 |   3766 |   8 |  826.5 |
       Dungeon |   6160 |   5499 |    661 |    325 |   3541 |   6 | 1026.7 |
        Temple |    287 |    248 |     39 |      0 |    225 |   1 |  287.0 |
         Abyss |    163 |    163 |      0 |      0 |      0 |   1 |  163.0 |
               +--------+--------+--------+--------+--------+-----+--------+

Top non-repeatable levels by time:
     D:4: 1451 daAuts
     D:5: 1307 daAuts
     D:2: 1080 daAuts
     D:1: 1045 daAuts
     D:3: 970 daAuts
     D:6: 305 daAuts
  Temple: 287 daAuts
 Abyss:1: 163 daAuts
